 Dungeon Crawl Stone Soup version 0.31.0 (webtiles) character file.

Game seed: 9370445390820948087

151 qw the Shooter (level 5, -1/32 HPs)
             Began as a Gargoyle Hunter on Jan 19, 2024.
             Slain by a goblin
             ... wielding a +0 dagger
              (2 damage)
             ... on level 3 of the Dungeon.
             The game lasted 00:00:07 (2078 turns).

qw the Shooter (Gargoyle Hunter)                    Turns: 2078, Time: 00:00:08

Health: -1/32      AC:  9    Str: 21    XL:     5   Next: 33%
Magic:  5/5        EV: 11    Int:  9    God:
Gold:   91         SH:  0    Dex: 15    Spells: 4/4 levels left

rFire   . . .        a - +0 shortbow
rCold   . . .        (shield currently unavailable)
rNeg    + + .        h - +0 ring mail
rPois   inf          (no helmet)
rElec   +            (no cloak)
rCorr   .            (no gloves)
SInv    .            (no boots)
Will    .....        (no amulet)
Stlth   +            f - +6 ring of strength
HPRegen 0.25/turn    b - ring of positive energy
MPRegen 0.09/turn

%: no passive effects
@: no status effects
A: sickness immunity, AC +4, negative energy resistance 1, electricity
resistance, torment resistance 1, petrification resistance
a: no special abilities


You were on level 3 of the Dungeon.
You visited 1 branch of the dungeon, and saw 3 of its levels.

You collected 91 gold pieces.


Innate Abilities, Weirdness & Mutations

You are immune to sickness and miasma.
Your stone body is resilient. (AC +4)
You are immune to poison.
You resist negative energy. (rN+)
You are resistant to electric shocks. (rElec)
You are resistant to unholy torment.
You are immune to petrification.


   Skills:
 + Level 3.0 Fighting
 - Level 6.0 Ranged Weapons
 - Level 1.0 Armour
 - Level 1.5 Dodging
 - Level 1.1 Stealth


You had 4 spell levels left.
You didn't know any spells.
Your spell library was empty.

Inventory:

Hand Weapons
 a - a +0 shortbow (weapon)
Armour
 h - a +0 ring mail (worn)
Jewellery
 b - a ring of positive energy (right hand)
 f - a +6 ring of strength (left hand)
Wands
 e - a wand of mindburst (12)
Scrolls
 g - a scroll of identify
 i - a scroll of poison {unknown}
Potions
 c - a potion of magic {unknown}
 d - 2 potions of enlightenment {unknown}

Dungeon Overview and Level Annotations

Branches:
Dungeon (3/15)

Altars:
Nemelex Xobeh
Xom


Message History

You shoot an arrow.
The arrow closely misses the orc priest.
The orc priest closely misses you.
The orc priest hits you with a +0 hand axe.
You shoot an arrow.
The arrow hits the orc priest but does no damage.
The orc priest is lightly wounded.
The orc hits the fungus with a +0 dagger.
The orc priest calls down the wrath of Beogh upon you.
Beogh smites you!
The orc hits the fungus with a +0 club.
You shoot an arrow.
The arrow hits the orc priest but does no damage.
The orc priest is lightly wounded.
You shoot an arrow. The arrow hits the orc priest!
The orc priest is severely wounded.
A nearby fungus withers and dies.
The orc priest hits you but does no damage.
The orc barely misses you.
You shoot an arrow. The arrow hits the orc priest.
You kill the orc priest!
Your Ranged Weapons skill increases to level 6!
You shoot an arrow. The arrow barely misses the orc.
The orc hits you but does no damage. The orc barely misses you.
The orc hits you but does no damage. The orc hits you with a +0 flail.
You shoot an arrow. The arrow hits the orc!
You kill the orc!
The goblin hits you with a +0 dagger. The orc hits you but does no damage.
You shoot an arrow. The arrow hits the orc.
The orc is heavily wounded.
The goblin hits you but does no damage. The orc hits you but does no damage.
The orc closely misses you.
You shoot an arrow. The arrow hits the orc.
You kill the orc!
The goblin hits you with a +0 dagger. The orc hits you but does no damage.
You shoot an arrow. The arrow hits the orc.
The orc is heavily wounded.
The goblin hits you but does no damage. The orc hits you but does no damage.
You shoot an arrow. The arrow barely misses the orc.
The goblin hits you with a +0 dagger.
You die...

.......# .......#
............
....(#.###..PPPPPPP..#
###..#......PPPPPPP..#
..#.............$PP..#
..#.......... ...PP..#
...........7777..PP..#
.####.........7.gPP..#
## #......._.7.@P...#
# ######....7.o)...# #
#...........# ##
###.###..#### .#
#..##.##
.############....#
...............###
#######.######## .#
####.#


You could see an orc and a goblin.

Vanquished Creatures
  A hound (D:2)
  An orc priest (D:3)
  3 adders
  2 orcs (D:3)
  3 endoplasms
  4 giant cockroaches
  6 goblins
  7 hobgoblins
  3 jackals (D:2)
  4 kobolds
  4 quokkas
  10 ball pythons
  8 bats
  4 rats
60 creatures vanquished.

Notes
Turn   | Place    | Note
-------+----------+-------------------------------------------
     0 | D:1      | qw the Gargoyle Hunter began the quest for the Orb.
     0 | D:1      | Reached XP level 1. HP: 12/12 MP: 1/1
     0 | D:1      | 0 ||| qw: Version: 0.3-a-132-g3d54051
     0 | D:1      | 0 ||| qw: Game counter: 235
     0 | D:1      | 0 ||| qw: Melee chars always use a shield: true
     0 | D:1      | 0 ||| qw: God list: Okawaru
     0 | D:1      | 0 ||| qw: Allow faded altars: false
     0 | D:1      | 0 ||| qw: Do Orc after clearing Dungeon:15 true
     0 | D:1      | 0 ||| qw: Do second Lair branch before Depths: true
     0 | D:1      | 0 ||| qw: Lair rune preference: random
     0 | D:1      | 0 ||| qw: Goals: Normal
     0 | D:1      | 0 ||| PLANNING D:1-11
    18 | D:1      | HP: 1/12 [quokka (3)]
   194 | D:1      | Reached XP level 2. HP: 15/17 MP: 2/2
   331 | D:1      | Found a faded altar of an unknown god.
   562 | D:1      | 562 ||| UPGRADING to +0 ring mail.
   572 | D:1      | 572 ||| DROPPING +0 leather armour.
   573 | D:1      | 573 ||| UPGRADING to +6 ring of strength.
   574 | D:1      | 574 ||| READING scroll labelled OWEASSA EXIY.
   575 | D:1      | 575 ||| READING scroll labelled VIMEAT OJUOSIDEGH.
   575 | D:1      | 575 ||| IDENTIFYING ruby potion
   576 | D:1      | 576 ||| DROPPING scroll of butterflies.
   577 | D:1      | 577 ||| DROPPING potion of invisibility.
   605 | D:2      | Reached XP level 3. HP: 21/21 MP: 3/3
   673 | D:2      | Reached skill level 1 in Armour
   739 | D:2      | Reached skill level 5 in Ranged Weapons
   739 | D:2      | Reached XP level 4. HP: 20/26 MP: 4/4
   739 | D:2      | 739 ||| FLEEEEING.
  1375 | D:2      | Reached skill level 3 in Fighting
  1381 | D:2      | 1381 ||| UPGRADING to ring of positive energy.
  1410 | D:3      | 1410 ||| STAIRDANCE
  1427 | D:3      | 1427 ||| STAIRDANCE
  1429 | D:2      | 1429 ||| FLEEEEING.
  1491 | D:3      | Found a sparkling altar of Nemelex Xobeh.
  1492 | D:3      | Found a shimmering altar of Xom.
  1690 | D:3      | Reached XP level 5. HP: 32/32 MP: 5/5
  2069 | D:3      | HP: 5/32 [orc priest/divine providence (13)]
  2073 | D:3      | Reached skill level 6 in Ranged Weapons
  2073 | D:3      | HP: 2/32 [orc/+0 flail (5)]
  2078 | D:3      | Slain by a goblin

Levels and vault maps discovered:
D:1:      mrwooster_arrival_statue, layout_rooms,
          shapermc_ecumenical_altar_mp_vishouse, corexii_leaking_fountain
D:2:      layout_basic
D:3:      layout_basic, mainiacjoe_overflow_chevrons,
          nicolae_overflow_crystal_walls, chequers_serial_rivers_small_b

Skill      XL: |  1  2  3  4  5 |
---------------+----------------+-----
Armour         | 1 |  1.0
Ranged Weapons | 5 6 |  6.0
Fighting       | 3 |  3.0
Dodging        | |  1.5
Stealth        | |  1.1

Action                     |  1- 3 |  4- 6 || total
---------------------------+-------+-------++-------
   Fire: Shortbow          |   107 |   102 ||   209
    Use: Scroll            |     2 |       ||     2
 Armour: Leather armour    |    57 |       ||    57
         Ring mail         |     5 |    53 ||    58
  Dodge: Dodged            |    66 |    39 ||   105

Table legend:
 A = Non-vault XP
 B = Vault XP
 C = Vault XP percentage of total XP
 D = Non-vault monster count
 E = Vault monster count
 F = Vault count percentage of total count
                 A         B        C        D         E       F
            +---------+---------+-------+---------+---------+-------
      Total |     217 |       0 |   0.0 |      60 |       0 |   0.0
            +---------+---------+-------+---------+---------+-------
        D:1 |      31 |       0 |   0.0 |      19 |       0 |   0.0
        D:2 |      93 |       0 |   0.0 |      25 |       0 |   0.0
        D:3 |      93 |       0 |   0.0 |      16 |       0 |   0.0
            +---------+---------+-------+---------+---------+-------
